Workbook
Name _Toc139614751: 'Commandes auteurs CODEV 24'!#REF!
Name _Toc139614752: 'Commandes auteurs CODEV 24'!#REF!
Name _Toc139614753: 'Commandes auteurs CODEV 24'!#REF!
Name _Toc139614754: 'Commandes auteurs CODEV 24'!#REF!
Name _Toc139614756: 'Commandes auteurs CODEV 24'!#REF!
Name _Toc139614758: 'Commandes auteurs CODEV 24'!#REF!
Name _Toc139614759: 'Commandes auteurs CODEV 24'!#REF!
Name _Toc139614760: 'Commandes auteurs CODEV 24'!#REF!
Name _Toc139614761: 'Commandes auteurs CODEV 24'!#REF!
Name _Toc139614762: 'Commandes auteurs CODEV 24'!#REF!
Name _Toc139614763: 'Commandes auteurs CODEV 24'!#REF!
Name _Toc139614764: 'Commandes auteurs CODEV 24'!#REF!
Name _Toc139614765: 'Commandes auteurs CODEV 24'!#REF!
Name _Toc139614766: 'Commandes auteurs CODEV 24'!#REF!
Name _Toc139614767: 'Commandes auteurs CODEV 24'!#REF!
Name _Toc139614768: 'Commandes auteurs CODEV 24'!#REF!
Name _Toc139614769: 'Commandes auteurs CODEV 24'!#REF!
Name _Toc139614770: 'Commandes auteurs CODEV 24'!#REF!
Name _Toc139614771: 'Commandes auteurs CODEV 24'!#REF!
Name _Toc139614772: 'Commandes auteurs CODEV 24'!#REF!
Name _Toc139614773: 'Commandes auteurs CODEV 24'!#REF!
Name _Toc139614774: 'Commandes auteurs CODEV 24'!#REF!
Name _Toc139614775: 'Commandes auteurs CODEV 24'!#REF!
Name _Toc139614776: 'Commandes auteurs CODEV 24'!#REF!
Name _Toc139614777: 'Commandes auteurs CODEV 24'!#REF!
Name _Toc139614778: 'Commandes auteurs CODEV 24'!#REF!
Name _Toc139614779: 'Commandes auteurs CODEV 24'!#REF!
Name _Toc139614780: 'Commandes auteurs CODEV 24'!#REF!
Name _Toc139614781: 'Commandes auteurs CODEV 24'!#REF!
Name _Toc139614782: 'Commandes auteurs CODEV 24'!#REF!
Name _Toc139614783: 'Commandes auteurs CODEV 24'!#REF!
Name _Toc139614784: 'Commandes auteurs CODEV 24'!#REF!
Name _Toc139614785: 'Commandes auteurs CODEV 24'!#REF!
Name _Toc450120197: 'Commandes auteurs CODEV 24'!#REF!
Name _Toc56701496: 'Commandes auteurs CODEV 24'!#REF!
Name _Toc56701497: 'Commandes auteurs CODEV 24'!#REF!
Name _Toc67670152: 'Commandes auteurs CODEV 24'!#REF!
Name _Toc67670153: 'Commandes auteurs CODEV 24'!#REF!
Name _Toc67670438: 'Commandes auteurs CODEV 24'!#REF!

Sheet Commandes auteurs CODEV 24
A1: Année d'enregistrement | B1: Site | C1: URB et libellé | D1: Si partenariat : intitulé du partenariat sinon mettre X | E1: Décision CODEV : référence et date | F1: CODEV de création, réingénierie ou maintenance | G1: Fonctionnement ou investissement | H1: Durée d'exploitation | I1: Chargé d'ingénierie formation | J1: Formation ou dispositif | K1: Code projet | L1: Code GAEL (code classe) | M1: Libellé GAEL | N1: Code Matiere | O1: Libellé Matière | P1: N° de contrat | Q1: Civilité | R1: Nom Auteur | S1: Prénom Auteur | T1: Adresse | U1: CP | V1: Ville | W1: Adresse mail | X1: Nationalité | Y1: N° Sécurité Sociale | Z1: Montant hors taxe | AA1: Date édition contrat | AB1: Date validation DAPN | AC1: Date de signature du contrat par l'auteur | AD1: Date de signature du contrat par le CNED | AE1: Date remise des travaux prevue dans le contrat | AF1: Cours-Devoir-Corrige-Direction de travail | AG1: Observations UO (auteurs sans précompte, TVA, annulation partielle ou totale…) | AH1: Observation PF DAPN | AI1: Réception emprunts | AJ1: Validation emprunts | AK1: Etat d'avancement | AL1: Date Envoi Note d'auteur | AM1: EJ
A2: 2024 | B2: =VLOOKUP('Commandes auteurs CODEV 24'!L2,Tableau2[],7,TRUE) -> x | C2: =[1]auteurs!$C4452 -> FS001-VANVES | D2: X | E2: =VLOOKUP('Commandes auteurs CODEV 24'!L2,Tableau2[],4,TRUE) -> 20/02/2024 - CODEV n° 2024-19 | F2: =VLOOKUP('Commandes auteurs CODEV 24'!M2,Tableau2[],5,TRUE) -> Maintenance | G2: =VLOOKUP('Commandes auteurs CODEV 24'!M2,Tableau2[],6,TRUE) -> Fonctionnement | H2: 3 ans | I2: =VLOOKUP('Commandes auteurs CODEV 24'!M2,Tableau2[],9,TRUE) -> DESAILLY Pricilia | J2: =VLOOKUP('Commandes auteurs CODEV 24'!M2,Tableau2[],2,TRUE) -> Vanves | K2: =VLOOKUP('Commandes auteurs CODEV 24'!M2,Tableau2[],8,TRUE) -> SOVA028 | L2: R10 | M2: Tema Actual | N2: E066 | O2: Tema actual, actualité du monde hispanique | P2: CSC-24-0548 | Q2: Monsieur | R2: STRAUB | S2: Anthony | T2: =[1]auteurs!$V4452 -> 14 avenue MOZART | U2: =[1]auteurs!$W4452 -> 19100 | V2: =[1]auteurs!$X4452 -> BRIVE LA GAILLARDE | W2: anthonystraub@hotmail.fr | X2: =[1]auteurs!$Z4452 -> F | Y2: =[1]auteurs!$AA4452 -> 185075917805465 | Z2: 450 | AA2: =[1]auteurs!$AC4452 -> 45398 | AB2: =[1]auteurs!$AD4452 -> 45400 | AC2: =[1]auteurs!$AE4452 -> 45461 | AD2: =[1]auteurs!$AF4452 -> 45482 | AE2: 45433 | AF2: 4 publications | AG2: =[1]auteurs!$AR4452 -> Contrat envoyé le 18/04/24 | AH2: =[1]auteurs!$AS4452 -> 0 | AI2: =[1]auteurs!$BJ4452 -> 45484 | AJ2: =[1]auteurs!$BK4452 -> NEANT | AK2: =[1]auteurs!$BM4452 -> Clôturé | AL2: =[1]auteurs!$AO4452 -> 45512 | AM2: =[1]auteurs!$AI4452 -> 23183
AG3: =[1]auteurs!$AR5437 -> 0 | AH3: =[1]auteurs!$AS5437 -> 0 | AI3: =[1]auteurs!$BJ5437 -> 0 | AJ3: =[1]auteurs!$BK5437 -> 0 | AK3: =[1]auteurs!$BM5437 -> 0 | AL3: =[1]auteurs!$AO5437 -> 0 | AM3: =[1]auteurs!$AI5436 -> 0
AG4: =[1]auteurs!$AR5438 -> 0 | AH4: =[1]auteurs!$AS5438 -> 0 | AI4: =[1]auteurs!$BJ5438 -> 0 | AJ4: =[1]auteurs!$BK5438 -> 0 | AK4: =[1]auteurs!$BM5438 -> 0 | AL4: =[1]auteurs!$AO5438 -> 0 | AM4: =[1]auteurs!$AI5437 -> 0
AG5: =[1]auteurs!$AR5439 -> 0 | AH5: =[1]auteurs!$AS5439 -> 0 | AI5: =[1]auteurs!$BJ5439 -> 0 | AJ5: =[1]auteurs!$BK5439 -> 0 | AK5: =[1]auteurs!$BM5439 -> 0 | AL5: =[1]auteurs!$AO5439 -> 0 | AM5: =[1]auteurs!$AI5438 -> 0
AG6: =[1]auteurs!$AR5440 -> 0 | AH6: =[1]auteurs!$AS5440 -> 0 | AI6: =[1]auteurs!$BJ5440 -> 0 | AJ6: =[1]auteurs!$BK5440 -> 0 | AK6: =[1]auteurs!$BM5440 -> 0 | AL6: =[1]auteurs!$AO5440 -> 0 | AM6: =[1]auteurs!$AI5439 -> 0
AG7: =[1]auteurs!$AR5441 -> 0 | AH7: =[1]auteurs!$AS5441 -> 0 | AI7: =[1]auteurs!$BJ5441 -> 0 | AJ7: =[1]auteurs!$BK5441 -> 0 | AK7: =[1]auteurs!$BM5441 -> 0 | AL7: =[1]auteurs!$AO5441 -> 0 | AM7: =[1]auteurs!$AI5440 -> 0
AG8: =[1]auteurs!$AR5442 -> 0 | AH8: =[1]auteurs!$AS5442 -> 0 | AI8: =[1]auteurs!$BJ5442 -> 0 | AJ8: =[1]auteurs!$BK5442 -> 0 | AK8: =[1]auteurs!$BM5442 -> 0 | AL8: =[1]auteurs!$AO5442 -> 0 | AM8: =[1]auteurs!$AI5441 -> 0
AG9: =[1]auteurs!$AR5443 -> 0 | AH9: =[1]auteurs!$AS5443 -> 0 | AI9: =[1]auteurs!$BJ5443 -> 0 | AJ9: =[1]auteurs!$BK5443 -> 0 | AK9: =[1]auteurs!$BM5443 -> 0 | AL9: =[1]auteurs!$AO5443 -> 0 | AM9: =[1]auteurs!$AI5442 -> 0
AG10: =[1]auteurs!$AR5444 -> 0 | AH10: =[1]auteurs!$AS5444 -> 0 | AI10: =[1]auteurs!$BJ5444 -> 0 | AJ10: =[1]auteurs!$BK5444 -> 0 | AK10: =[1]auteurs!$BM5444 -> 0 | AL10: =[1]auteurs!$AO5444 -> 0 | AM10: =[1]auteurs!$AI5443 -> 0
AG11: =[1]auteurs!$AR5445 -> 0 | AH11: =[1]auteurs!$AS5445 -> 0 | AI11: =[1]auteurs!$BJ5445 -> 0 | AJ11: =[1]auteurs!$BK5445 -> 0 | AK11: =[1]auteurs!$BM5445 -> 0 | AL11: =[1]auteurs!$AO5445 -> 0 | AM11: =[1]auteurs!$AI5444 -> 0
AG12: =[1]auteurs!$AR5446 -> 0 | AH12: =[1]auteurs!$AS5446 -> 0 | AI12: =[1]auteurs!$BJ5446 -> 0 | AJ12: =[1]auteurs!$BK5446 -> 0 | AK12: =[1]auteurs!$BM5446 -> 0 | AL12: =[1]auteurs!$AO5446 -> 0 | AM12: =[1]auteurs!$AI5445 -> 0
AG13: =[1]auteurs!$AR5447 -> 0 | AH13: =[1]auteurs!$AS5447 -> 0 | AI13: =[1]auteurs!$BJ5447 -> 0 | AJ13: =[1]auteurs!$BK5447 -> 0 | AK13: =[1]auteurs!$BM5447 -> 0 | AL13: =[1]auteurs!$AO5447 -> 0 | AM13: =[1]auteurs!$AI5446 -> 0
AG14: =[1]auteurs!$AR5448 -> 0 | AH14: =[1]auteurs!$AS5448 -> 0 | AI14: =[1]auteurs!$BJ5448 -> 0 | AJ14: =[1]auteurs!$BK5448 -> 0 | AK14: =[1]auteurs!$BM5448 -> 0 | AL14: =[1]auteurs!$AO5448 -> 0 | AM14: =[1]auteurs!$AI5447 -> 0
... AG33: =[1]auteurs!$AR5467 -> 0 | AH33: =[1]auteurs!$AS5467 -> 0 | AI33: =[1]auteurs!$BJ5467 -> 0 | AJ33: =[1]auteurs!$BK5467 -> 0 | AK33: =[1]auteurs!$BM5467 -> 0 | AL33: =[1]auteurs!$AO5467 -> 0 | AM33: =[1]auteurs!$AI5466 -> 0
AG34: =[1]auteurs!$AR5468 -> 0 | AH34: =[1]auteurs!$AS5468 -> 0 | AI34: =[1]auteurs!$BJ5468 -> 0 | AJ34: =[1]auteurs!$BK5468 -> 0 | AK34: =[1]auteurs!$BM5468 -> 0 | AL34: =[1]auteurs!$AO5468 -> 0

Sheet Tables
A2: CODEV de création, réingénierie ou maintenance | C2: Civilité | E2: Formation ou dispositif | G2: Code projet | J2: Code GAEL (code classe) | K2: CODEV 2024
A3: Création | C3: Madame | E3: actualité décryptée | G3: C16LI007 | J3: 161 | K3: 20/02/2024 -CODEV n° 2024 -17
A4: Réingénierie | C4: Monsieur | E4: Agent administratif principal des finances publiques de 2 nde classe | G4: C16LI010 | J4: 266 | K4: 20/02/2024 -CODEV n° 2024 -18
A5: Maintenance | E5: agrégation allemand externe | G5: C17LI001 | J5: 326 | K5: 20/02/2024 -CODEV n° 2024 -19
C6: Site | E6: agrégation allemand interne | G6: CSC23002 | J6: 330 | K6: 20/02/2024 -CODEV n° 2024 -20
A7: Fonctionnement ou investissement | C7: Lille | E7: agrégation anglais externe | G7: CSC24001 | J7: 660 | K7: 20/02/2024 -CODEV n° 2024 -21
A8: Fonctionnement | C8: Vanves | E8: agrégation anglais interne | G8: CSC24002-CAPIHG | J8: 661 | K8: 20/02/2024 -CODEV n° 2024 -22
A9: Investissement | E9: agrégation arts plastiques externe | G9: CSC24003-AESVT | I9: Chargé d'ingénierie formation | J9: 664 | K9: 20/02/2024 -CODEV n° 2024 -23
E10: agrégation arts plastiques interne | G10: CSC24004-M2IPAG | I10: Bouquet Virginie | J10: 665 | K10: 20/02/2024 -CODEV n° 2024 -24
C11: Durée d'exploitation | E11: Agrégation de Lettres | G11: CSC-24005 | I11: Breuil Cyril | J11: 667 | K11: 20/02/2024 -CODEV n° 2024 -25
C12: 1 an | E12: agrégation EPS interne | G12: CSC-24006 | I12: Charton Michele | J12: 669 | K12: 20/02/2024 -CODEV n° 2024 -26
C13: 2 ans | E13: agrégation espagnol externe | G13: CSC-24007 | I13: Chaumillon Anne | J13: 671 | K13: 20/02/2024 -CODEV n° 2024 -27
C14: 3 ans | E14: agrégation espagnol interne | G14: LI19001 | I14: Claudon Adélie | J14: 041 | K14: 20/02/2024 -CODEV n° 2024 -28
C15: 18 mois | E15: agrégation externe maths | G15: LI2021001 | I15: Convert Océane | J15: 046 | K15: 20/02/2024 -CODEV n° 2024 -29
C16: 4 ans | E16: Agrégation Géographie externe | G16: SOLI001 | I16: Desailly Pricilia | J16: 04M | K16: 20240607 DAPN (R39/R40) du 07/06/2024
A17: Chargé d'ingénierie formation | E17: Agrégation Histoire externe | G17: SOLI002 | I17: Dussart François | J17: 05M | K17: 20240607 DAPN ((R41/R42) du 07/06/2024
A18: Tabary Kevin | E18: agrégation histoire géographie externe | G18: SOLI003R23 | J18: 06M | K18: 20240607 DAPN (R43/R44) du 07/06/2024
A19: Breuil Cyril | E19: agrégation histoire géographie interne | G19: SOLI004R2021 | I19: Bremnar Gauthier | J19: 07M
A20: Charton Michele | E20: agrégation interne maths | G20: SOLI006R1 | I20: Silvestri Elise | J20: 09M
A21: Moniot Thomas | E21: agrégation lettres classiques externe | G21: SOLI008 | I21: Guhel Sylvie | J21: 10M
A22: Claudon Adélie | E22: agrégation lettres classiques externe | G22: SOLI009 | I22: Lourme Antoine | J22: 11M
A23: Convert Océane | E23: agrégation lettres classiques interne | G23: SOLI010R2022 | I23: Martinez Sandra | J23: 13M
A24: Desailly Pricilia | E24: agrégation lettres classiques interne | G24: SOLI011 | I24: Meyer-Grosperrin Hélène | J24: 14M
A25: Coudre Nathalie | E25: agrégation lettres modernes externe | G25: SOLI013 | I25: Moniot Thomas | J25: 15M
A26: Brenman Gauthier | E26: agrégation lettres modernes externe | G26: SOLI014 | I26: Frugier Hélène | J26: 16M
A27: Lourme Antoine | E27: agrégation lettres modernes interne | G27: SOLI015 | I27: Tabary Kevin | J27: 17M
A28: Meyer-Grosperrin Hélène | E28: agrégation lettres modernes interne | G28: SOLI017 | I28: Toulminet Anna | J28: 18M
A29: Toulminet Anna | E29: agrégation musique externe | G29: SOLI020 | J29: 19M
A30: Bouquet Virginie | E30: agrégation musique interne | G30: SOLI021 | J30: 20M
C31: Libellé GAEL | E31: agrégation philosophie externe | G31: SOLI022R2020 | J31: 21M
C32: Concours CI-EAE-Accès DCC DLC | E32: agrégation philosophie interne | G32: SOLI023 | J32: 22M
C33: Concours CI-EAE-Filière Sciences et Techniques | E33: agrégation sciences physique interne | G33: SOLI024 | J33: 231, 235
C34: Concours CI-EAE-Filière Sciences Humaines et Sociales | E34: agrégation SES externe | G34: SOLI025 | J34: 232, 236
C35: Actualité décryptée | E35: agrégation SES interne | G35: SOLI026 | J35: 26M
C36: Adjoint administratif ppal 2e classe externe | E36: agrégation SVT externe | G36: SOVA001 | J36: 26V
C37: Adjoint administratif ppal 2e classe externe interne 3e voie | E37: agrégation SVT interne | G37: SOVA002 | J37: 27M
C38: Adjoint administratif ppal 2e classe interne | E38: Assistant BDF (AO) | G38: SOVA003 | J38: 27V
C39: Adjoint administratif principal de 2ème classe de chancellerie int et 3ev | E39: Assistant BDF (inscrits libres) | G39: SOVA005 | J39: 29M
C40: Administrateur de l'État - Concours d'Orient (AEO) (ex CAEO) interne | E40: Assistant territorial de conservation du patrimoine et des bibliothèques externe | G40: SOVA008 | J40: 30M
C41: Agent administratif principal des finances publiques de 2e classe | E41: Assistant territorial de conservation du patrimoine et des bibliothèques interne | G41: SOVA008 | J41: 31M
C42: Agrégation EPS interne | E42: Attaché Administration de l'Etat (AAE) | G42: SOVA009 | J42: 326
... C114: Capes sciences économiques et sociales externe | E114: Epistémologie des sciences | G114: VA23001 | J114: A13
C115: Capes sciences économiques et sociales interne | E115: Examen professionnel d'attaché principal des systèmes d'information et de communication - ASICP | J115: A14
C116: Capet Eco-Gestion : communication, organisation, gestion des ressources humaines, comptabilité-finance et marketing externe | E116: Examen professionnel secrétaire de chancellerie de classe exceptionnelle - SCH cl ex | J116: A15
C117: CAPLP économie gestion commerce-vente externe | E117: Examen professionnel secrétaire des affaires étrangères principal - SAEP | J117: A16
C118: Caplp Lettres / Histoire-Géographie | E118: Examen professionnel secrétaire des systèmes d'information et de communication hors classe - SESIC hc | J118: A17
C119: CNED actualités concours | E119: Géographie : base pour les concours | J119: A18
C120: Concours interne à l'École de l'Air - DLC | E120: Greffier des services judiciaires externe | J120: A19
C121: Concours interne à l'École de l'Air - Option aéronautique | E121: Greffier des services judiciaires interne | J121: A20
C122: Concours interne à l'École de l'Air - Option management public | E122: Ingénieur territorial externe | J122: A21
C123: Connaissance du système éducatif | E123: Inspecteur des douanes et droits indirects externe | J123: A22
C124: Contrôleur des douanes et droits indirects externe | E124: Inspecteur DGFIP - Externe | J124: A23
C125: Contrôleur des finances publiques externe | E125: IRA externe interne et 3e concours | J125: A24
C126: Cours préparatoires au Parcours Passerelle | E126: L'épreuve de note aux concours administratifs | J126: A25
... C165: Licence 3 mention Administration Publique - Formation diplômante | E165: thèmes d'actualité socio économique | J165: D01
C166: Licence 3 mention Administration Publique - Formation libre | J166: D02
C167: Licence 3 mention Administration Publique - Formule redoublant | J167: D03
C168: Master 1 mention Administration Publique | J168: D04
C169: Master 2 mention Administration Publique, parcours Management public de l'État et des organisations publiques | J169: D05
C170: Master 2 mention Administration Publique, parcours Management public des collectivités territoriales | J170: D06
C171: Mathématiques / Mathématiques pour physiciens | J171: D07
C172: Mathématiques / Mise à niveau en mathématiques | J172: D08
C173: Mise à niveau ancien français | J173: D09
C174: Mise à niveau en géographie | J174: D10
C175: Modules grec | J175: D11
C176: Modules latin | J176: D12
C177: Passerelle agrégation d' anglais | J177: D13
... C203: Thèmes d'actualité Socio/Eco | J203: M35
J204: M36
J205: M37
J206: M38
J207: M39
J208: MAA
J209: MAB (SCH) C23
J210: MAC (SECIC) C23
J211: MAD (ASIC) C23
J212: MAE (SCH cl ex) C23
J213: MAF (SESIC hc) C23
J214: MAG (SAEP)
J215: MAH (ASICP) C23
... J305: Z22

Sheet BDD
C1: Offre de formation CNED Sup-concours
A3: Code classe | B3: Site | C3: Formation ou dispositif | D3: CODEV | E3: Maintenance/ Réingénierie | F3: Fonctionnement/investissement | G3: Partenariat | H3: Code projet | I3: CIF
A4: R13 | B4: Lille | C4: AAE interne | D4: 20/02/2024 - CODEV n° 2024-26 | E4: Maintenance | F4: Fonctionnement | G4: x | I4: MONIOT Thomas
A5: 60M | B5: Vanves | C5: Actualité décryptée | D5: 20/02/2024 - CODEV n° 2024-19 | E5: Maintenance | F5: Fonctionnement | G5: x | H5: SOVA010 | I5: DESAILLY Pricilia
A6: R09 (ex-06M) | B6: Lille | C6: Adjoint administratif ppal 2e classe externe | D6: 20/02/2024 - CODEV n° 2024-26 | E6: Maintenance | F6: Fonctionnement | G6: x | I6: DESAILLY Pricilia
A7: R15 (ex-17M) | B7: Lille | C7: Adjoint administratif ppal 2e classe externe interne 3e voie | D7: 20/02/2024 - CODEV n° 2024-26 | E7: Maintenance | F7: Fonctionnement | G7: x | I7: CHARTON Michèle
A8: R10(ex-07M) | B8: Lille | C8: Adjoint administratif ppal 2e classe interne | D8: 20/02/2024 - CODEV n° 2024-26 | E8: Maintenance | F8: Fonctionnement | G8: x | I8: DESAILLY Pricilia
A9: D04 | B9: Lille | C9: Adjoint administratif principal de 2ème classe de chancellerie int et 3ev | I9: CHARTON Michèle
A10: D12 | B10: Lille | C10: Administrateur de l'État - Concours d'Orient (AEO) (ex CAEO) interne | I10: CHARTON Michèle
A11: M08 | B11: Lille | C11: Agent administratif principal des finances publiques de 2e classe | D11: 20/02/2024 - CODEV n° 2024-26 | E11: Maintenance | F11: Fonctionnement | G11: x | H11: CSC23002 | I11: CHARTON Michèle
A12: A02 | B12: Vanves | C12: Agrégation EPS interne | D12: 20/02/2024 - CODEV n° 2024-25 | E12: Maintenance | F12: Fonctionnement | G12: x | H12: SOVA023-IAGPS | I12: BREUIL Cyril
A13: A24 | B13: Vanves | C13: Agrégation mathématiques interne | D13: 20/02/2024 - CODEV n° 2024-25 | E13: Maintenance | F13: Fonctionnement | G13: x | H13: SOVA023-IAGMA | I13: CONVERT Océane
A14: A06 | B14: Vanves | C14: Agrégation allemand externe | D14: 20/02/2024 - CODEV n° 2024-24 | E14: Maintenance | F14: Fonctionnement | G14: x | H14: SOVA022-EAGAL | I14: MEYER-GROSPERRIN Hélène
A15: A07 | B15: Vanves | C15: Agrégation allemand interne | D15: 20/02/2024 - CODEV n° 2024-25 | E15: Maintenance | F15: Fonctionnement | G15: x | H15: SOVA023-IAGAL | I15: MEYER-GROSPERRIN Hélène
A16: A03 | B16: Vanves | C16: Agrégation anglais externe | D16: 20/02/2024 - CODEV n° 2024-24 | E16: Maintenance | F16: Fonctionnement | G16: x | H16: SOVA022-EAGAN | I16: MEYER-GROSPERRIN Hélène
A17: A04 | B17: Vanves | C17: Agrégation anglais interne | D17: 20/02/2024 - CODEV n° 2024-25 | E17: Maintenance | F17: Fonctionnement | G17: x | H17: SOVA023-IAGAN | I17: MEYER-GROSPERRIN Hélène
A18: A12 | B18: Vanves | C18: Agrégation d'arts plastiques externe | D18: 20/02/2024 - CODEV n° 2024-24 | E18: Maintenance | F18: Fonctionnement | G18: x | H18: SOVA022-EAGAP | I18: CONVERT Océane
A19: A13 | B19: Vanves | C19: Agrégation d'arts plastiques interne | D19: 20/02/2024 - CODEV n° 2024-25 | E19: Maintenance | F19: Fonctionnement | G19: x | H19: SOVA023-IAGAP | I19: CONVERT Océane
A20: A10 | B20: Vanves | C20: Agrégation de philosophie externe | D20: 20/02/2024 - CODEV n° 2024-24 | E20: Maintenance | F20: Fonctionnement | G20: x | H20: SOVA022-EAGPHI | I20: DESAILLY Pricilia
A21: A11 | B21: Vanves | C21: Agrégation de philosophie interne | D21: 20/02/2024 - CODEV n° 2024-25 | E21: Maintenance | F21: Fonctionnement | G21: x | H21: SOVA023-IAGPHI | I21: DESAILLY Pricilia
A22: A25 | B22: Vanves | C22: Agrégation de physique-chimie interne | D22: 20/02/2024 - CODEV n° 2024-25 | E22: Maintenance | F22: Fonctionnement | G22: x | H22: SOVA023-IAGPHY | I22: BREUIL Cyril
... A35: A26 | B35: Vanves | C35: Agrégation SV- STU externe | D35: 20/02/2024 - CODEV n° 2024-24 | E35: Maintenance | F35: Fonctionnement | G35: x | H35: SOVA022-EAGSVT | I35: BOUQUET Virginie
A36: A27 | B36: Vanves | C36: Agrégation SV- STU interne | D36: 20/02/2024 - CODEV n° 2024-25 | E36: Maintenance | F36: Fonctionnement | G36: x | I36: BOUQUET Virginie
A37: A28 | B37: Vanves | C37: Agrégation sciences économiques et sociales externe | D37: 20/02/2024 - CODEV n° 2024-24 | E37: Maintenance | F37: Fonctionnement | G37: x | I37: LOURME Antoine
A38: A29 | B38: Vanves | C38: Agrégation sciences économiques et sociales interne | D38: 20/02/2024 - CODEV n° 2024-25 | E38: Maintenance | F38: Fonctionnement | G38: x | I38: LOURME Antoine
A39: 35M-36M-37M-38M-39M | B39: Vanves | C39: Mathématiques / Mise à niveau | D39: 20/02/2024 - CODEV n° 2024-19 | E39: Maintenance | F39: Fonctionnement | G39: x | H39: VA23001 | I39: CONVERT Océane
A40: 041 | B40: Vanves | C40: Anglais / Current events | D40: 20/02/2024 - CODEV n° 2024-19 | E40: Maintenance | F40: Fonctionnement | G40: x | H40: SOVA024 | I40: MEYER-GROSPERRIN Hélène
A41: 31M | B41: Vanves | C41: Anglais / Entraînement Traduction | D41: 20/02/2024 - CODEV n° 2024-19 | E41: Maintenance | F41: Fonctionnement | G41: x | H41: SOVA027 | I41: MEYER-GROSPERRIN Hélène
A42: D23 | B42: Lille | C42: Assistant BDF (AO) | D42: 20/02/2024 - CODEV n° 2024-20 | E42: Maintenance | F42: Fonctionnement | G42: X | I42: MEYER-GROSPERRIN Hélène
A43: K23 | B43: Lille | C43: Assistant BDF (inscrits libres) | D43: 20/02/2024 - CODEV n° 2024-20 | E43: Maintenance | F43: Fonctionnement | G43: X | I43: MEYER-GROSPERRIN Hélène
A44: R27 (ex-BP7) | B44: Lille | C44: Assistant territorial de conservation du patrimoine et des bibliothèques externe | D44: 20/02/2024 - CODEV n° 2024-26 | E44: Maintenance | F44: Fonctionnement | G44: x | I44: LOURME Antoine
A45: R28 (ex-BP8) | B45: Lille | C45: Assistant territorial de conservation du patrimoine et des bibliothèques interne | D45: 20/02/2024 - CODEV n° 2024-26 | E45: Maintenance | F45: Fonctionnement | G45: x | I45: LOURME Antoine
A46: D07 | B46: Lille | C46: Attaché des systèmes d'information - ASIC interne | I46: CHARTON Michèle
A47: R18 (ex-73M) | B47: Lille | C47: Attaché territorial externe | D47: 20/02/2024 - CODEV n° 2024-26 | E47: Maintenance | F47: Fonctionnement | G47: x | I47: CHARTON Michèle
A48: R19 (ex-74M) | B48: Lille | C48: Attaché territorial - Interne | D48: 20/02/2024 - CODEV n° 2024-26 | E48: Maintenance | F48: Fonctionnement | G48: x | I48: CHARTON Michèle
A49: R25 (ex-BP5) | B49: Lille | C49: Attaché territorial de conservation du patrimoine externe | D49: 20/02/2024 - CODEV n° 2024-26 | E49: Maintenance | F49: Fonctionnement | G49: x | I49: LOURME Antoine
A50: R26 (ex-BP6) | B50: Lille | C50: Attaché territorial de conservation du patrimoine interne | D50: 20/02/2024 - CODEV n° 2024-26 | E50: Maintenance | F50: Fonctionnement | G50: x | I50: LOURME Antoine
A51: R23 (ex-BPA) | B51: Lille | C51: BIBAS externe | D51: 20/02/2024 - CODEV n° 2024-26 | E51: Maintenance | F51: Fonctionnement | G51: x | I51: LOURME Antoine
A52: R24 (ex-BPB) | B52: Lille | C52: BIBAS interne | D52: 20/02/2024 - CODEV n° 2024-26 | E52: Maintenance | F52: Fonctionnement | G52: x | I52: LOURME Antoine
A53: R218 (ex-BP2) | B53: Lille | C53: Bibliothécaire d'État externe | D53: 20/02/2024 - CODEV n° 2024-26 | E53: Maintenance | F53: Fonctionnement | G53: x | I53: LOURME Antoine
A54: R22 (ex-BP3) | B54: Lille | C54: Bibliothécaire territorial externe | D54: 20/02/2024 - CODEV n° 2024-26 | E54: Maintenance | F54: Fonctionnement | G54: x | I54: LOURME Antoine
A55: D24 | B55: Lille | C55: Cadre Bdf (AO) | D55: 20/02/2024 - CODEV n° 2024-20 | E55: Maintenance | F55: Fonctionnement | G55: X | I55: MEYER-GROSPERRIN Hélène
A56: K24 | B56: Lille | C56: Cadre Bdf (inscrits libres) | D56: 20/02/2024 - CODEV n° 2024-20 | E56: Maintenance | F56: Fonctionnement | G56: X | I56: MEYER-GROSPERRIN Hélène
A57: D25 | B57: Lille | C57: Cadre de direction Bdf (AO) | D57: 20/02/2024 - CODEV n° 2024-20 | E57: Maintenance | F57: Fonctionnement | G57: X | I57: MEYER-GROSPERRIN Hélène
A58: K25 | B58: Lille | C58: Cadre de direction Bdf (inscrits libres) | D58: 20/02/2024 - CODEV n° 2024-20 | E58: Maintenance | F58: Fonctionnement | G58: X | I58: MEYER-GROSPERRIN Hélène
... A95: C36 | B95: Vanves | C95: CAPLP économie gestion commerce-vente externe | D95: 20/02/2024 - CODEV n°2024-27 | E95: Maintenance | F95: Fonctionnement | G95: x | I95: LOURME Antoine
A96: C32 | B96: Vanves | C96: Caplp Lettres / Histoire-Géographie | I96: CLAUDON Adélie
A97: A91 | B97: Lille | C97: Cned actualités concours | D97: 20/02/2024 - CODEV n° 2024-19 | E97: Maintenance | F97: Fonctionnement | G97: x | I97: DESAILLY Pricilia
A98: D01 | B98: Lille | C98: Concours interne à l'École de l'Air - DLC Officiers guides | D98: 20/02/204 - CODEV n° 2024-21 | E98: Maintenance | F98: Fonctionnement | G98: X | I98: BOUQUET Virginie
A99: D03 | B99: Lille | C99: Concours interne à l'École de l'Air - Filière management public | D99: 20/02/204 - CODEV n° 2024-21 | E99: Maintenance | F99: Fonctionnement | G99: X | I99: BOUQUET Virginie
A100: D02 | B100: Lille | C100: Concours interne à l'École de l'Air - Filière sciences et techniques | D100: 20/02/204 - CODEV n° 2024-21 | E100: Maintenance | F100: Fonctionnement | G100: X | I100: BOUQUET Virginie
A101: Z22 | B101: Lille | C101: Connaissance du système éducatif | I101: TABARY Kevin
A102: R07 | B102: Lille | C102: Contrôleur des douanes et droits indirects externe | D102: 20/02/2024 - CODEV n° 2024-26 | E102: Maintenance | F102: Fonctionnement | G102: x | I102: CHARTON Michèle
A103: R01 | B103: Lille | C103: Contrôleur des finances publiques externe | D103: 20/02/2024 - CODEV n° 2024-26 | E103: Maintenance | F103: Fonctionnement | G103: x | I103: CHARTON Michèle
A104: R29 (ex-EEA) | B104: Lille | C104: Cours préparatoires au Parcours Passerelle | I104: MONIOT Thomas
A105: R30 | B105: Lille | C105: CPE Externe Formule complète | D105: 20/02/2024 - CODEV n° 2024-26 | E105: Maintenance | F105: Fonctionnement | G105: x | I105: TABARY Kevin
A106: R31 | B106: Lille | C106: CPE Externe Formule renforcée | D106: 20/02/2024 - CODEV n° 2024-26 | E106: Maintenance | F106: Fonctionnement | G106: x | I106: TABARY Kevin
A107: R32 | B107: Lille | C107: CPE interne Formule compléte | D107: 20/02/2024 - CODEV n° 2024-26 | E107: Maintenance | F107: Fonctionnement | G107: x | I107: TABARY Kevin
A108: P01 | B108: Vanves | C108: DAEU A | D108: 20/02/2024 - CODEV n° 2024-22 | E108: Maintenance | F108: Fonctionnement | G108: X | I108: BOUQUET Virginie
A109: P02 | B109: Vanves | C109: DAEU A formule redoublant | D109: 20/02/2024 - CODEV n° 2024-22 | E109: Maintenance | F109: Fonctionnement | G109: X | I109: BOUQUET Virginie
A110: P06 | B110: Vanves | C110: DAEU à la carte | D110: 20/02/2024 - CODEV n° 2024-22 | E110: Maintenance | F110: Fonctionnement | G110: X | I110: BOUQUET Virginie
A111: P03 | B111: Vanves | C111: DAEU B | D111: 20/02/2024 - CODEV n° 2024-22 | E111: Maintenance | F111: Fonctionnement | G111: X | I111: BOUQUET Virginie
A112: P04 | B112: Vanves | C112: DAEU B formule redoublant | D112: 20/02/2024 - CODEV n° 2024-22 | E112: Maintenance | F112: Fonctionnement | G112: X | I112: BOUQUET Virginie
A113: P05 | B113: Vanves | C113: DAEU modules capitalisables | D113: 20/02/2024 - CODEV n° 2024-22 | E113: Maintenance | F113: Fonctionnement | G113: X | I113: BOUQUET Virginie
A114: X01 | B114: Vanves | C114: Devoirs supplémentaires admissibilité EPS | D114: 20/02/2024 - CODEV n° 2024-19 | E114: Maintenance | F114: Fonctionnement | G114: x | I114: BREUIL Cyril
A115: X03 | B115: Vanves | C115: Devoirs supplémentaires Anglais | D115: 20/02/2024 - CODEV n° 2024-19 | E115: Maintenance | F115: Fonctionnement | G115: x | I115: MEYER-GROSPERRIN Hélène
A116: X08 | B116: Vanves | C116: Devoirs supplémentaires Espagnol | D116: 20/02/2024 - CODEV n° 2024-19 | E116: Maintenance | F116: Fonctionnement | G116: x | I116: MONIOT Thomas
... A128: 09M | B128: Vanves | C128: Epistémologie des sciences | D128: 20/02/2024 - CODEV n° 2024-19 | E128: Maintenance | F128: Fonctionnement | G128: x | I128: MONIOT Thomas
A129: 46 | B129: Vanves | C129: Espagnol / Tema actual | D129: 20/02/2024 - CODEV n° 2024-19 | E129: Maintenance | F129: Fonctionnement | G129: x | H129: SOVA025 | I129: MONIOT Thomas
A130: D11 | B130: Lille | C130: Examen professionnel d'attaché principal des systèmes d'information et de communication - ASICP | I130: CHARTON Michèle
A131: D08 | B131: Lille | C131: Examen professionnel secrétaire de chancellerie de classe exceptionnelle - SCH cl ex | I131: CHARTON Michèle
A132: D10 | B132: Lille | C132: Examen professionnel secrétaire des affaires étrangères principal - SAEP | I132: CHARTON Michèle
A133: D09 | B133: Lille | C133: Examen professionnel secrétaire des systèmes d'information et de communication hors classe - SESIC hc | I133: CHARTON Michèle
A134: 236 | B134: Vanves | C134: Grec avancé | D134: 20/02/2024 - CODEV n° 2024-19 | E134: Maintenance | F134: Fonctionnement | G134: x | I134: DUSSART François
A135: 232 | B135: Vanves | C135: Grec débutant | D135: 20/02/2024 - CODEV n° 2024-19 | E135: Maintenance | F135: Fonctionnement | G135: x | I135: DUSSART François
A136: R04 | B136: Lille | C136: Greffier des services judiciaires externe | D136: 20/02/2024 - CODEV n° 2024-26 | E136: Maintenance | F136: Fonctionnement | G136: x | I136: DESAILLY Pricilia
A137: R03 | B137: Lille | C137: Greffier des services judiciaires interne | D137: 20/02/2024 - CODEV n° 2024-26 | E137: Maintenance | F137: Fonctionnement | G137: x | I137: DESAILLY Pricilia
A138: 60C | B138: Vanves | C138: IEP première : langues supplémentaires | D138: 20/02/2024 - CODEV n° 2024-23 | E138: Maintenance | F138: Fonctionnement | G138: X | I138: TABARY Kevin
A139: 64C | B139: Vanves | C139: IEP terminale : langues supplémentaires | D139: 20/02/2024 - CODEV n° 2024-23 | E139: Maintenance | F139: Fonctionnement | G139: X | I139: TABARY Kevin
A140: R20 (ex-M18) | B140: Lille | C140: Ingénieur territorial externe | D140: 20/02/2024 - CODEV n° 2024-26 | E140: Maintenance | F140: Fonctionnement | G140: x | I140: CHARTON Michèle
A141: R08 | B141: Lille | C141: Inspecteur des douanes et droits indirects externe | D141: 20/02/2024 - CODEV n° 2024-26 | E141: Maintenance | F141: Fonctionnement | G141: x | I141: CHARTON Michèle
A142: R02 | B142: Lille | C142: Inspecteur DGFIP - Externe | D142: 20/02/2024 - CODEV n° 2024-26 | E142: Maintenance | F142: Fonctionnement | G142: x | I142: CHARTON Michèle
A143: R14(ex-40M) | B143: Lille | C143: IRA externe interne et 3e concours | D143: 20/02/2024 - CODEV n° 2024-26 | E143: Maintenance | F143: Fonctionnement | G143: x | I143: MONIOT Thomas
A144: 235 | B144: Vanves | C144: Latin avancé | D144: 20/02/2024 - CODEV n° 2024-19 | E144: Maintenance | F144: Fonctionnement | G144: x | I144: DUSSART François
A145: 231 | B145: Vanves | C145: Latin débutant | D145: 20/02/2024 - CODEV n° 2024-19 | E145: Maintenance | F145: Fonctionnement | G145: x | I145: DUSSART François
A146: M01 | B146: Lille | C146: L'épreuve de note aux concours administratifs | D146: 20/02/2024 - CODEV n° 2024-19 | E146: Maintenance | F146: Fonctionnement | G146: x | I146: TOULMINET Anna
A147: P13 | B147: Lille | C147: Licence 3 mention Administration Publique - Formation diplômante | D147: 20/02/2024 - CODEV n° 2024-18 | E147: Maintenance | F147: Fonctionnement | G147: IPAG | I147: BREUIL Cyril
A148: P14 | B148: Lille | C148: Licence 3 mention Administration Publique - Formation libre | D148: 20/02/2024 - CODEV n° 2024-18 | E148: Maintenance | F148: Fonctionnement | G148: IPAG | I148: BREUIL Cyril
A149: P15 | B149: Lille | C149: Licence 3 mention Administration Publique - Formule redoublant | D149: 20/02/2024 - CODEV n° 2024-18 | E149: Maintenance | F149: Fonctionnement | G149: IPAG | I149: BREUIL Cyril
A150: P16 | B150: Lille | C150: Master 1 mention Administration Publique | D150: 20/02/2024 - CODEV n° 2024-18 | E150: Maintenance | F150: Fonctionnement | G150: IPAG | I150: BREUIL Cyril
A151: P17 | B151: Lille | C151: Master 2 mention Administration Publique, parcours Management public de l'État et des organisations publiques | D151: 20/02/2024 - CODEV n° 2024-18 | E151: Maintenance | F151: Fonctionnement | G151: IPAG | I151: BREUIL Cyril
A152: P18 | B152: Lille | C152: Master 2 mention Administration Publique, parcours Management public des collectivités territoriales | D152: 20/02/2024 - CODEV n° 2024-18 | E152: Maintenance | F152: Fonctionnement | G152: IPAG | I152: BREUIL Cyril
A153: 29M | B153: Vanves | C153: Mise à niveau ancien français | D153: 20/02/2024 - CODEV n° 2024-19 | E153: Maintenance | F153: Fonctionnement | G153: x | I153: DUSSART François
A154: 266 | B154: Vanves | C154: Mise à niveau en géographie | D154: 20/02/2024 - CODEV n° 2024-19 | E154: Maintenance | F154: Fonctionnement | G154: x | I154: CLAUDON Adélie
A155: A05 | B155: Vanves | C155: Passerelle agrégation d' anglais | D155: 20/02/2024 - CODEV n° 2024-19 | E155: Maintenance | F155: Fonctionnement | G155: x | I155: MEYER-GROSPERRIN Hélène
A156: A30 | B156: Vanves | C156: Passerelle agrégation SES | D156: 20/02/2024 - CODEV n° 2024-19 | E156: Maintenance | F156: Fonctionnement | G156: x | I156: LOURME Antoine
A157: R36 | B157: Lille | C157: PERDIR Formule complète 3e voie | D157: 20/02/2024 - CODEV n° 2024-26 | E157: Maintenance | F157: Fonctionnement | G157: x | I157: TABARY Kevin
A158: R35 | B158: Lille | C158: PERDIR Formule complète interne | D158: 20/02/2024 - CODEV n° 2024-26 | E158: Maintenance | F158: Fonctionnement | G158: x | I158: TABARY Kevin
A159: R38 | B159: Lille | C159: PERDIR Formule renforcée 3e voie | D159: 20/02/2024 - CODEV n° 2024-26 | E159: Maintenance | F159: Fonctionnement | G159: x | I159: TABARY Kevin
A160: R37 | B160: Lille | C160: PERDIR Formule renforcée interne | D160: 20/02/2024 - CODEV n° 2024-26 | E160: Maintenance | F160: Fonctionnement | G160: x | I160: TABARY Kevin
...
